 Dungeon Crawl Stone Soup version 0.30-a0-313-gae38170b09 (webtiles) character file.

Game seed: 15194961546104458292

25 Angani the Sneak (level 2, 24/24 HPs)
             Began as a Draconian Brigand on Oct 26, 2022.
             Was a Follower of Dithmenos.
             Quit the game on level 1 of the Dungeon.
             The game lasted 00:01:15 (836 turns).

Angani the Sneak (Draconian Brigand)                 Turns: 836, Time: 00:01:16

Health: 24/24      AC:  5    Str: 13    XL:     2   Next: 86%
Magic:  2/2        EV: 11    Int: 11    God:    Dithmenos [*.....]
Gold:   61         SH:  0    Dex: 12    Spells: 1/1 levels left

rFire   . . .      SeeInvis .    a - +2 dagger
rCold   . . .      Faith    .    (no shield)
rNeg    . . .      Spirit   .    (body armour unavailable)
rPois   .          Reflect  .    (helmet restricted)
rElec   .          Harm     .    b - +0 cloak
rCorr   .          Rampage  .    (no gloves)
Will    .....                    (no boots)
Stlth   +++.......               (no amulet)
HPRegen 0.24/turn                (no ring)
MPRegen 0.08/turn                (no ring)

@: wreathed by umbra
A: AC +4, unfitting armour, cold-blooded
a: Renounce Religion


You were on level 1 of the Dungeon.
You worshipped Dithmenos.
Dithmenos was aware of your devotion.
You visited 1 branch of the dungeon, and saw 1 of its levels.

You collected 61 gold pieces.

Inventory:

Hand Weapons
 a - a +2 dagger (weapon)
Missiles
 c - 9 poisoned darts (quivered)
 d - 3 curare-tipped darts
 f - 2 boomerangs
Armour
 b - a +0 cloak (worn)
Scrolls
 e - a scroll of noise {unknown}
 i - a scroll of identify {unknown}
Potions
 g - 2 potions of curing {unknown}
 h - a potion of invisibility {unknown}


   Skills:
 - Level 2.1 Fighting
 - Level 2.0 Short Blades
 + Level 3.1 Throwing
 - Level 0.8 Dodging
 - Level 3.6 Stealth


You had one spell level left.
You didn't know any spells.
Your spell library was empty.

Dungeon Overview and Level Annotations

Branches:
Dungeon (1/15)

Altars:
Dithmenos


Innate Abilities, Weirdness & Mutations

Your plain brown scales are hard. (AC +4)
You cannot fit into any form of body armour.
You are cold-blooded and may be slowed by cold attacks.


Message History

The goblin shouts!
You hit the goblin.
You kill the goblin!
No target in view!
You see here a +0 dagger.
You see here a +0 ring mail.
You see here a +0 ring mail.
You see here a hobgoblin skeleton.
You open the door.
There is an open door here.
You open the door.
A rat comes into view.
Found a dark potion.
A rat is nearby!
There is an open door here.
The rat bites you but does no damage.
You hit the rat.
The rat is moderately wounded.
The rat misses you.
You hit the rat.
You kill the rat!
h - a dark potion No target in view!
Found a faded altar of an unknown god.
You open the door.
There is an open door here.
You open the door.
There is an open door here.
g - 2 black potions (gained 1)
i - a scroll labelled IWET DATRUATZ You open the door.
There is an open door here.
You open the door.
There is an open door here.
There is a faded altar of an unknown god here.
This altar belongs to (a) Ru, (b) Dithmenos or (c) Jiyva, but you can't tell which.
Press the corresponding letter to learn more about a god, or press enter to convert or escape to cancel.
Dithmenos accepts your prayer! Dithmenos welcomes you!
You are shrouded in an aura of darkness!
Are you sure you want to abandon this character and quit the game? (Confirm with "yes".)

##........'.........'...
#...~PP..P#.........####
#.........#........## #.
#....~P.P#........## #.
#.P.⌠⌠..P#...#...## #.
#.....~..#PP.##+## #.
#......PP#..###.# #.
#..#..#.#..P# #.# #.
#..#..#@#PPP###.#######.
#. ######.P.##...##.....
.P..#.....#.###S
#....##...##.####
......[..........
#########.###.#### #.#
#... #.# #####
#######.###


There were no monsters in sight!

Vanquished Creatures
  2 endoplasms (D:1)
  3 giant cockroaches (D:1)
  3 goblins (D:1)
  4 hobgoblins (D:1)
  2 quokkas (D:1)
  A ball python (D:1)
  A bat (D:1)
  4 kobolds (D:1)
  2 rats (D:1)
22 creatures vanquished.

Notes
Turn   | Place    | Note
-------+----------+-------------------------------------------
     0 | D:1      | Angani the Draconian Brigand began the quest for the Orb.
     0 | D:1      | Reached XP level 1. HP: 17/17 MP: 1/1
   327 | D:1      | Reached XP level 2. HP: 24/24 MP: 2/2
   753 | D:1      | Found a faded altar of an unknown god.
   835 | D:1      | Prayed at the altar of an unknown god.
   835 | D:1      | Became a worshipper of Dithmenos the Shadowed
   835 | D:1      | Reached * piety under Dithmenos
   836 | D:1      | Quit the game

Illustrated notes

Levels and vault maps discovered:
D:1:      minmay_arrival_nine_rooms, layout_loops_corners,
          shapermc_ecumenical_altar_mp_ritualfount, kennysheep_doodads,
          kennysheep_nondescript

Skill      XL: |  1  2 |
---------------+-------+-----
Throwing       | 2 3 |  3.1
Fighting       | |  2.1
Short Blades   | |  2.0
Dodging        | |  0.8
Stealth        | |  3.6

Action                   || total
-------------------------++-------
Melee: Dagger            ||    49
       Tailslap          ||     3
 Stab: Sleeping          ||     7
Armor: Skin              ||    10
Dodge: Dodged            ||    20

Table legend: (Time is in decaauts)
 A = Elapsed time spent in this place.
 B = Non-inter-level travel time spent in this place.
 C = Inter-level travel time spent in this place.
 D = Time resting spent in this place.
 E = Time spent auto-exploring this place.
 F = Levels seen in this place.
 G = Mean time per level.
                   A        B        C        D        E       F      G
               +--------+--------+--------+--------+--------+-----+--------+
         Total |    832 |    769 |     63 |      0 |    649 |   1 |  832.0 |
       Dungeon |    832 |    769 |     63 |      0 |    649 |   1 |  832.0 |
               +--------+--------+--------+--------+--------+-----+--------+

Top non-repeatable levels by time:
     D:1: 832 daAuts
